 Dungeon Crawl Stone Soup version 0.25-a0-730-g633e9c3c14 (webtiles) character file.

Game seed: 18047432795992272887, levelgen mode: deterministic

407 vurker the Quickloader (level 7, 18/44 HPs)
             Began as a Kobold Hunter on Apr 7, 2020.
             Quit the game on level 3 of the Dungeon.
             The game lasted 00:10:33 (6868 turns).

vurker the Quickloader (Kobold Hunter)              Turns: 6868, Time: 00:10:34

Health: 18/44      AC:  8    Str: 12    XL:     7   Next: 12%
Magic:  7/7        EV:  8    Int: 12    God:
Gold:   194        SH:  0    Dex: 15    Spells: 6/6 levels left

rFire    + . .     SeeInvis .   b - +0 dagger
rCold    . . .     Gourm    .   (shield restricted)
rNeg     + . .     Faith    .   k - +0 chain mail
rPois    .         Spirit   .   (no helmet)
rElec    .         Reflect  .   (no cloak)
rCorr    .         Harm     .   (no gloves)
MR       .....                  (no boots)
Stlth    ..........             (no amulet)
HPRegen  0.14/turn              h - ring of protection from fire
MPRegen  0.10/turn              v - ring of positive energy

@: no status effects
A: small, carnivore
a: no special abilities


You were on level 3 of the Dungeon.
You were very full.

You visited 1 branch of the dungeon, and saw 4 of its levels.

You collected 194 gold pieces.

Inventory:

Hand Weapons
 a - a +1 hand crossbow
 b - a +0 dagger (weapon)
   (You took it off a goblin on level 1 of the Dungeon)
Armour
 k - a +0 chain mail (worn)
   (You found it on level 1 of the Dungeon)
Jewellery
 h - a ring of protection from fire (left hand)
   (You took it off a goblin on level 1 of the Dungeon)
 v - a ring of positive energy (right hand)
   (You found it on level 3 of the Dungeon)
Wands
 t - a wand of flame (8)
   (You took it off a hobgoblin on level 4 of the Dungeon)
 w - a wand of polymorph (6)
   (You found it on level 3 of the Dungeon)
Scrolls
 c - a scroll of amnesia {unknown}
 m - a scroll of enchant weapon {unknown}
 n - a scroll of remove curse
 o - a scroll of teleportation
 q - 2 scrolls of fog {unknown}
 r - a scroll of fear {unknown}
 u - a scroll of identify
 x - a scroll of enchant armour {unknown}
Potions
 f - a potion of berserk rage {unknown}
 i - a potion of heal wounds {unknown}
 j - a potion of flight {unknown}
 l - 2 potions of lignification
 p - a potion of mutation {unknown}
 s - a potion of ambrosia {unknown}
Comestibles
 e - 6 rations


   Skills:
 + Level 4.7 Fighting
 * Level 8.3 Crossbows
 - Level 2.4 Dodging
 - Level 1.3 Stealth


You had 6 spell levels left.
You didn't know any spells.
Your spell library was empty.

Dungeon Overview and Level Annotations

Branches:
Dungeon (4/15)
 Temple: D:4-7

Altars:
Dithmenos
Fedhas
Hepliaklqana
Nemelex Xobeh
Ru
Uskayaw
Vehumet
Xom
The Shining One

Annotations:
D:3 3 runed translucent doors, exclusion: oklob plant, Pikel; emiel's ghost, amateur DsFi


Innate Abilities, Weirdness & Mutations

You are small and have problems with some larger weapons.
You are carnivorous and can eat meat at any time.


Message History

You see here a +0 chain mail.
You close the door, pushing everything out of the way.
You open the door. Pikel is too close now for your liking.
There is an open door, spattered with blood here.
a - a +1 hand crossbow (weapon)
Pikel growls angrily.
Firing (i - inventory) No suitable missiles.
Aim: Pikel the black bear
Okay, then.
Firing (i - inventory) No suitable missiles.
Aim: Pikel the black bear
Okay, then.
b - a +0 dagger (weapon)
Pikel bites you but does no damage. Pikel claws you but does no damage.
Pikel misses you.
Your chain mail prevents you from hitting Pikel.
Pikel bites you but does no damage. Pikel claws you.
Pikel completely misses you.
Your chain mail prevents you from hitting Pikel.
Pikel bites you. Pikel barely misses you. Pikel closely misses you.
You closely miss Pikel. Pikel barely misses you. Pikel claws you.
Pikel claws you but does no damage.
You hit Pikel but do no damage. Pikel bites you. Pikel barely misses you. x2
You hit Pikel but do no damage. Pikel bites you. Pikel barely misses you.
Pikel completely misses you.
Your chain mail prevents you from hitting Pikel.
Pikel closely misses you. Pikel claws you. x2
You hit Pikel. Pikel bites you but does no damage. Pikel claws you.
Pikel closely misses you.
You hit Pikel but do no damage. Pikel barely misses you.
Pikel claws you but does no damage. Pikel claws you.
Your chain mail prevents you from hitting Pikel.
Pikel bites you but does no damage. Pikel claws you.
Pikel claws you but does no damage.
You hit Pikel. Pikel bites you but does no damage.
Pikel claws you but does no damage. x2
You hit Pikel but do no damage. Pikel bites you but does no damage.
Pikel claws you. Pikel barely misses you.
You hit Pikel but do no damage. Pikel closely misses you. Pikel claws you. x2
Your chain mail prevents you from hitting Pikel.
Pikel bites you.
* * * LOW HITPOINT WARNING * * *
Pikel claws you.
* * * LOW HITPOINT WARNING * * *
Pikel barely misses you.
There is an open door, spattered with blood here.
Pikel barely misses you. Pikel claws you.
* * * LOW HITPOINT WARNING * * *
Pikel claws you but does no damage.

#.##.# ##...####### #.##.#
#..........# #.##.###....#####.#
#.##.....#.## #.# #.######...#
#.##### ##.# ###.# #.....# #..#
##'## #####.# #.## ##...## #.#
#.# ##...@h## ###.##### #####.###
##.......## #.....).#
#.......###........[####...###.##
#.#.......+.........'........[[).
#.##....###.........####....##.#.
#.###.#.# ##.......## #..#.##.##
#.# #.#.# ##.....## #.##.##.#Z
#.# #.#.#####....#### #.......##
#.###.#.#...........# ####.####.


You could see Pikel the black bear.

Vanquished Creatures
  2 slaves
  A phantom (D:4)
  A scorpion (D:3)
  3 orc wizards
  A worker ant (D:4)
  A hound skeleton (D:4)
  7 adders
  An ooze (D:4)
  2 dart slugs (D:2)
  4 leopard geckos
  18 orcs
  A giant cockroach (D:3)
  7 goblins
  2 hobgoblins
  A quokka (D:4)
  A ball python skeleton (D:4)
  4 bats
  3 frilled lizards
  10 kobolds
  3 rats
73 creatures vanquished.

Notes
Turn   | Place    | Note
-------+----------+-------------------------------------------
     0 | D:1      | vurker the Kobold Hunter began the quest for the Orb.
     0 | D:1      | Reached XP level 1. HP: 12/12 MP: 1/1
    66 | D:1      | Reached skill level 5 in Crossbows
   462 | D:1      | Reached XP level 2. HP: 3/18 MP: 2/2
  1230 | D:2      | Reached XP level 3. HP: 9/22 MP: 3/3
  1532 | D:2      | Found a sparkling altar of Nemelex Xobeh.
  1721 | D:2      | Found a shimmering altar of Xom.
  1810 | D:2      | Found a sacrificial altar of Ru.
  1853 | D:2      | Found a shadowy altar of Dithmenos.
  1853 | D:2      | Found a hide-covered altar of Uskayaw.
  2524 | D:2      | Reached XP level 4. HP: 26/28 MP: 4/4
  2642 | D:2      | Reached skill level 6 in Crossbows
  3146 | D:3      | Found a hazy altar of Hepliaklqana.
  3215 | D:3      | Reached XP level 5. HP: 15/32 MP: 5/5
  4120 | D:3      | Found a runed translucent gate.
  4121 | D:3      | Found a runed translucent gate.
  4122 | D:3      | Found a runed translucent gate.
  4124 | D:3      | Noticed emiel's ghost (amateur DsFi)
  4153 | D:3      | Reached skill level 7 in Crossbows
  4624 | D:3      | Found a blossoming altar of Fedhas.
  4639 | D:3      | Noticed an oklob plant
  4714 | D:3      | Found a glowing golden altar of the Shining One.
  4764 | D:3      | Reached XP level 6. HP: 30/38 MP: 6/6
  5524 | D:4      | Noticed a phantom
  5567 | D:4      | Killed a phantom
  5567 | D:4      | Reached skill level 8 in Crossbows
  5768 | D:4      | Found a radiant altar of Vehumet.
  5918 | D:4      | Reached XP level 7. HP: 30/44 MP: 7/7
  6104 | D:4      | Noticed Pikel
  6584 | D:3      | Noticed Pikel
  6584 | D:3      | Pikel changed into Pikel the black bear
  6868 | D:3      | Quit the game

Levels and vault maps discovered:
D:1:      dpeg_arrival_houses_and_road, layout_basic, serial_bayou_pond_a,
          serial_bayou_crossing
D:2:      layout_loops_corners, xom_butterflies, lemuel_crystal_altar,
          gammafunk_temple_overflow_statue, nemelex_xobeh_ov_fountains_minmay,
          first_ration, minmay_unequal
D:3:      layout_loops_corners, tso_oasis_becter, tgw_fedhas,
          lemuel_crystal_altar, gammafunk_ghost_necromancy
D:4:      layout_rooms, elyvilon_altar_1, overflow_temple_1_default,
          corner_web_ring, interstate_on_off, vehumet_altar_wand_db, uniq_pikel

Skill      XL: |  1  2  3  4  5  6 |
---------------+-------------------+-----
Crossbows      | 5 6 7 8 |  8.3
Fighting       | 3 4 |  4.7
Dodging        | |  2.4
Stealth        | |  1.3

Action                   |  1- 3 |  4- 6 |  7- 9 || total
-------------------------+-------+-------+-------++-------
Melee: Short sword       |    49 |       |       ||    49
       Dagger            |   158 |   321 |    50 ||   529
 Fire: Hand crossbow     |     2 |    70 |    22 ||    94
Evoke: Wand              |       |       |    12 ||    12
  Use: Potion            |     2 |     2 |       ||     4
       Scroll            |       |     4 |       ||     4
  Eat: Chunk             |    11 |    11 |     5 ||    27
Armor: Leather armour    |     8 |       |       ||     8
       Chain mail        |    96 |   217 |    47 ||   360
Dodge: Dodged            |    94 |   124 |    36 ||   254

Table legend:
 A = Non-vault XP
 B = Vault XP
 C = Vault XP percentage of total XP
 D = Non-vault monster count
 E = Vault monster count
 F = Vault count percentage of total count
                 A         B        C        D         E       F
            +---------+---------+-------+---------+---------+-------
      Total |     566 |      16 |   2.7 |      68 |       3 |   4.2
            +---------+---------+-------+---------+---------+-------
        D:1 |      16 |       0 |   0.0 |      10 |       0 |   0.0
        D:2 |      70 |      14 |  16.7 |      17 |       2 |  10.5
        D:3 |     251 |       0 |   0.0 |      31 |       0 |   0.0
        D:4 |     229 |       2 |   0.9 |      10 |       1 |   9.1
            +---------+---------+-------+---------+---------+-------
